 Dungeon Sprint DCSS version 0.30-a0-996-ga6910c8ee8 (webtiles) character file.

Game seed: 4759501838600991627

21865 BigDaddyOpFi the End of an Era (level 12, -1/107 HPs)
             Began as a Demonspawn Fighter on Apr 4, 2023.
             Was the Champion of Qazlal.
             Killed from afar by a deep elf knight (20 damage)
             ... with a shard of ice
             ... in the Dungeon (Sprint VII: "The Pits").
             The game lasted 00:04:44 (2747 turns).

BigDaddyOpFi the End of an Era (Demonspawn Fighter) Turns: 2747, Time: 00:04:45

Health: -1/107     AC: 21    Str: 25    XL:     12   Next: 58%
Magic:  22/28      EV: 10    Int:  9    God:    Qazlal [******]
Gold:   9          SH: 15    Dex: 13    Spells: 11/11 levels left

rFire   . . .      SeeInvis +    q - +1 broad axe of the Reasonable God {pain, SInv Stlth+}
rCold   + . .      Faith    .    c - +0 buckler
rNeg    . . .      Spirit   .    p - +4 plate armour
rPois   .          Reflect  .    (helmet restricted)
rElec   .          Rampage  .    (no cloak)
rCorr   .          NoTele   +    (no gloves)
Will    .....                    (no boots) Stlth
                                 (no amulet)
HPRegen 0.37/turn                b - +3 ring of evasion
MPRegen 0.21/turn                l - +3 ring of strength

@: mighty, protected from cold, slowed, repel missiles, very slow
A: antennae 2, ignite blood 1, powered by pain 1, sharp scales 2
a: Renounce Religion, Upheaval, Elemental Force, Disaster Area


You were in the Dungeon.
You worshipped Qazlal.
Qazlal was exalted by your worship.
You visited 1 branch You collected 9 gold pieces.

Inventory:

Hand Weapons
 f - a +1 broad axe
 q - the +1 broad axe of the Reasonable God (weapon) {pain, SInv Stlth+}
   (You found it in the Dungeon)

   SInv:      It lets you see invisible.
   Stlth:     It makes you more stealthy.
Armour
 c - a +0 buckler (worn)
 p - a +4 plate armour (worn)
Jewellery
 b - a +3 ring of evasion (left hand)
 l - a +3 ring of strength (right hand)
 r - a ring of ice
 s - a ring of poison resistance
Scrolls
 j - 5 scrolls of blinking
 t - 3 scrolls of enchant armour
 u - a scroll of fog
 v - 2 scrolls of identify
Potions
 d - 20 potions of heal wounds
 e - 6 potions of curing
 g - a potion of ambrosia
 h - 3 potions of magic
 i - 3 potions of berserk rage
 k - a potion of invisibility
 m - a potion of resistance
 n - a potion of might
 o - a potion of brilliance
Miscellaneous
 a - a box of beasts


   Skills:
 + Level 14.1 Fighting
 + Level 12.9 Axes
 + Level 13.0 Armour
 + Level 13.0 Shields
 * Level 24.0 Invocations


You had 11 spell levels left.
You didn't know any spells.
Your spell library contained the following spells:

 Spells                   Type           Power      Damage    Failure   Level
 Malign Gateway           Summ/Tloc      0%         N/A       100%        7
 Summon Horrible Things   Summ           0%         N/A       100%        8


Dungeon Overview and Level Annotations

Branches:
Dungeon (1/1)

Altars:
Ashenzari
Cheibriados
Dithmenos
Fedhas
Gozag
Hepliaklqana
Kikubaaqudgha
Makhleb
Nemelex Xobeh
Okawaru
Qazlal
Ru
Sif Muna
Trog
Uskayaw
Vehumet
Wu Jian
Xom
Yredelemnul
Jiyva
Lugonu


Innate Abilities, Weirdness & Mutations

You have a pair of antennae on your head.
Your demonic aura sometimes causes spilled blood to erupt in flames.
You sometimes gain a little power by taking damage.
You are mostly covered in razor-sharp scales. (AC +2, Slay +2)


Message History

Nature churns violently around you!
The death cob hits you but does no damage.
The death cob hits you!
You focus on the pain.
You feel very mighty all of a sudden.
The deep elf knight hits you but does no damage.
The death cob hits you!
The deep elf knight gestures wildly while chanting.
The deep elf knight flickers and vanishes for a moment.
Unknown command.
You hit the death cob.
The death cob is moderately damaged.
You slash the deep elf knight!
The death cob hits you but does no damage.
You block the death cob's attack.
The deep elf knight is engulfed in blazing flames.
The deep elf knight hits you with a +0 scimitar!
You feel protected from physical attacks.
The death cob misses you.
A lorocyproca comes into view.
The deep elf knight is engulfed in blazing flames.
The deep elf knight hits you with a +0 scimitar.
You block the death cob's attack.
The deep elf knight is engulfed in blazing flames.
You block the deep elf knight's attack.
You slice the death cob!!
The death cob is heavily damaged.
You miss the deep elf knight. You block the death cob's attack.
The death cob hits you.
The deep elf knight is engulfed in blazing flames.
You block the deep elf knight's attack. The death cob hits you!!
* * * LOW HITPOINT WARNING * * *
You focus on the pain.
You feel your power returning. The death cob drains your vigour!
You feel as though you will be slow longer.
The deep elf knight is engulfed in blazing flames.
The deep elf knight points at you and mumbles some strange words.
The shard of ice hits you!!
Your resistance to physical damage fades away.
You feel protected from cold.
You die...

#++#############################
#...................§)).........
#..................§..)).≈......
#..##############''#############
#..# {{{ #..).≈[.≈# {{{ #..#
#...≈†.§.# {{ #..# {).#
####..#### #..# ≈≈).)#e.§○§)§§#.
#..#{ 2≈§≈≈§z@§≈)≈≈[≈.. { #..# {
.≈≈).#.)§≈§§)§#.. { ##..# #+##
####§§#### # .)..# #### ....#
##### ### ###########
#..##....#..#(.# {
..##.#.#.#..#)|#


You could see a death cob, a lorocyproca (invisible) and a deep elf knight
(fast, invisible).

Vanquished Creatures
  2 orc warlords (D)
  A vampire knight (D)
  An eidolon (D)
  A yaktaur captain (D)
  An alligator snapping turtle (D)
  2 naga warriors (D)
  A death yak (D)
  Sonja (D)
  A deep elf knight (D)
  A sun demon (D)
  A shadow wraith (D)
  A flayed ghost (D)
  A deep elf pyromancer (D)
  9 orc knights (D)
  A phantasmal warrior (D)
  2 lindwurms (D)
  A necromancer (D)
  An orc sorcerer (D)
  A manticore (D)
  A black mamba (D)
  2 smoke demons (D)
  A gargoyle (D)
  An eye of devastation (D)
  A rime drake (D)
  3 yaktaurs (D)
  A red devil (D)
  A jumping spider (D)
  2 spriggans (D)
  Sigmund (D)
  6 yaks (D)
  A fire elemental (D)
  A wyvern (D)
  A fire bat (D)
  A steam dragon (D)
  A water moccasin (D)
  An orc warrior (D)
  2 ogres (D)
  3 wolves (D)
  An earth elemental (D)
  3 scorpions (D)
  A small abomination (D)
  5 wights (D)
  4 killer bees (D)
  2 crimson imps (D)
  A quasit (D)
  A jelly (D)
  3 orc priests (D)
  3 iron imps (D)
  A hell rat (D)
  3 orc wizards (D)
  An ufetubus (D)
  A worm (D)
  13 orcs (D)
  A ball python (D)
  2 endoplasms (D)
  2 giant cockroaches (D)
  2 hobgoblins (D)
  4 jackals (D)
  A kobold (D)
  A quokka (D)
  2 ball python simulacra (D)
  2 goblins (D)
  A quokka simulacrum (D)
  A quokka skeleton (D)
  A rat (D)
124 creatures vanquished.

Vanquished Creatures (others)
  A troll (D)
  An orc priest (D)
2 creatures vanquished.

Grand Total: 126 creatures vanquished

Notes
Turn   | Place    | Note
-------+----------+-------------------------------------------
     0 | D        | BigDaddyOpFi the Demonspawn Fighter began the quest for the
                  | Orb.
     0 | D        | Reached XP level 1. HP: 18/18 MP: 1/1
    15 | D        | Found a bloodstained altar of Trog.
    15 | D        | Found a shimmering blue altar of Sif Muna.
    15 | D        | Found a viscous altar of Jiyva.
    15 | D        | Found a hazy altar of Hepliaklqana.
    15 | D        | Found an opulent altar of Gozag.
    16 | D        | Found a basalt altar of Yredelemnul.
    16 | D        | Found a shimmering altar of Xom.
    16 | D        | Found an ornate altar of the Wu Jian Council.
    16 | D        | Found a sacrificial altar of Ru.
    16 | D        | Found a stormy altar of Qazlal.
    16 | D        | Found an iron altar of Okawaru.
    16 | D        | Found a sparkling altar of Nemelex Xobeh.
    16 | D        | Found a burning altar of Makhleb.
    16 | D        | Found a blossoming altar of Fedhas.
    16 | D        | Found a shadowy altar of Dithmenos.
    16 | D        | Found a snail-covered altar of Cheibriados.
    17 | D        | Found a radiant altar of Vehumet.
    17 | D        | Found a corrupted altar of Lugonu.
    18 | D        | Found an ancient bone altar of Kikubaaqudgha.
    18 | D        | Found a hide-covered altar of Uskayaw.
    18 | D        | Found a broken altar of Ashenzari.
    21 | D        | Became a worshipper of Qazlal Stormbringer
    43 | D        | Noticed a scorpion
    58 | D        | Killed a scorpion
    59 | D        | Reached skill level 5 in Invocations
    59 | D        | Gained mutation: You are partially covered in razor-sharp
                  | scales. (AC +1, Slay +1) [demonic ancestry]
    59 | D        | Reached XP level 2. HP: 25/25 MP: 1/5
    59 | D        | Reached XP level 3. HP: 30/30 MP: 1/6
    66 | D        | Reached * piety under Qazlal
    76 | D        | Reached XP level 4. HP: 27/38 MP: 3/8
    79 | D        | Noticed a scorpion
    81 | D        | Reached ** piety under Qazlal
    85 | D        | Reached skill level 6 in Invocations
    86 | D        | Reached *** piety under Qazlal
    87 | D        | Reached skill level 7 in Invocations
    94 | D        | Killed a scorpion
    95 | D        | Reached skill level 5 in Fighting
    95 | D        | Reached skill level 5 in Shields
    95 | D        | Reached skill level 8 in Invocations
    95 | D        | Reached XP level 5. HP: 22/44 MP: 6/11
   263 | D        | Noticed Sigmund
   263 | D        | Noticed a fire bat
   267 | D        | Reached **** piety under Qazlal
   268 | D        | Reached skill level 5 in Armour
   268 | D        | Reached skill level 9 in Invocations
   274 | D        | Reached skill level 5 in Axes
   274 | D        | Reached XP level 6. HP: 31/52 MP: 11/13
   285 | D        | Killed a fire bat
   286 | D        | Reached skill level 10 in Invocations
   286 | D        | Reached ***** piety under Qazlal
   287 | D        | Reached skill level 11 in Invocations
   288 | D        | Gained mutation: Your demonic aura sometimes causes spilled
                  | blood to erupt in flames. [demonic ancestry]
   288 | D        | Reached XP level 7. HP: 59/59 MP: 12/15
   307 | D        | Killed Sigmund
   308 | D        | Reached skill level 12 in Invocations
   457 | D        | Noticed a gargoyle
   466 | D        | Killed a gargoyle
   467 | D        | Reached skill level 13 in Invocations
   467 | D        | Gained mutation: You have a pair of small antennae on your
                  | head. [demonic ancestry]
   467 | D        | Reached XP level 8. HP: 44/68 MP: 16/18
   646 | D        | Reached ****** piety under Qazlal
   835 | D        | Killed a shadow wraith
   836 | D        | Reached skill level 14 in Invocations
   982 | D        | Got the +1 broad axe of the Reasonable God {pain, SInv
                  | Stlth+}
  1059 | D        | Noticed a smoke demon
  1060 | D        | Killed a smoke demon
  1061 | D        | Reached skill level 15 in Invocations
  1061 | D        | Gained mutation: You sometimes gain a little power by
                  | taking damage. [demonic ancestry]
  1061 | D        | Reached XP level 9. HP: 67/76 MP: 11/20
  1200 | D        | Noticed a black mamba
  1200 | D        | Noticed Sonja
  1201 | D        | Noticed a manticore
  1202 | D        | Killed Sonja
  1202 | D        | Killed a manticore
  1202 | D        | Killed a black mamba
  1203 | D        | Reached skill level 10 in Fighting
  1203 | D        | Reached skill level 17 in Invocations
  1203 | D        | Gained mutation: You have a pair of antennae on your head.
                  | [demonic ancestry]
  1203 | D        | Reached XP level 10. HP: 85/85 MP: 12/22
  1257 | D        | Noticed an eye of devastation
  1257 | D        | Noticed a necromancer
  1258 | D        | Noticed a death yak
  1259 | D        | Killed a necromancer
  1262 | D        | Killed an eye of devastation
  1264 | D        | Noticed a smoke demon
  1270 | D        | Killed a death yak
  1271 | D        | Reached skill level 18 in Invocations
  1273 | D        | Killed a smoke demon
  1274 | D        | Reached skill level 10 in Armour
  1274 | D        | Reached skill level 10 in Shields
  1274 | D        | Noticed a flayed ghost
  1277 | D        | Killed a flayed ghost
  1316 | D        | Noticed an orc knight
  1322 | D        | Killed an orc knight
  1323 | D        | Reached skill level 10 in Axes
  1323 | D        | Reached skill level 19 in Invocations
  1341 | D        | Noticed a vampire knight
  1343 | D        | Killed a phantasmal warrior
  1344 | D        | Killed a vampire knight
  1345 | D        | Reached skill level 20 in Invocations
  1345 | D        | Gained mutation: You are mostly covered in razor-sharp
                  | scales. (AC +2, Slay +2) [demonic ancestry]
  1345 | D        | Reached XP level 11. HP: 58/95 MP: 7/25
  1345 | D        | Noticed a deep elf pyromancer
  1359 | D        | Killed a deep elf pyromancer
  1693 | D        | Noticed an orc sorcerer
  1697 | D        | Killed an orc sorcerer
  1798 | D        | Noticed a lindwurm
  1806 | D        | Killed a lindwurm
  1807 | D        | Reached skill level 21 in Invocations
  2329 | D        | Noticed a sun demon
  2335 | D        | Killed a sun demon
  2430 | D        | Noticed an eidolon
  2431 | D        | Noticed a lindwurm
  2432 | D        | Killed a lindwurm
  2432 | D        | Killed an eidolon
  2543 | D        | Noticed an orc knight
  2543 | D        | Noticed an orc knight
  2543 | D        | Noticed an orc knight
  2543 | D        | Noticed an orc knight
  2543 | D        | Noticed an orc knight
  2543 | D        | Noticed an orc knight
  2544 | D        | Noticed an orc warlord
  2544 | D        | Noticed an orc warlord
  2544 | D        | Noticed an orc knight
  2544 | D        | Noticed an alligator snapping turtle
  2545 | D        | Killed an orc knight
  2545 | D        | Killed an orc knight
  2545 | D        | Killed an orc knight
  2546 | D        | Reached skill level 22 in Invocations
  2546 | D        | Killed an orc knight
  2546 | D        | Killed an orc knight
  2546 | D        | Killed an orc knight
  2546 | D        | Killed an orc knight
  2546 | D        | Killed an orc knight
  2546 | D        | Killed an orc warlord
  2546 | D        | Killed an orc warlord
  2546 | D        | Killed an alligator snapping turtle
  2547 | D        | Reached skill level 23 in Invocations
  2547 | D        | Reached XP level 12. HP: 105/106 MP: 9/27
  2742 | D        | Noticed a death cob
  2742 | D        | Noticed a naga warrior
  2742 | D        | Noticed a naga warrior
  2743 | D        | Noticed a yaktaur captain
  2744 | D        | Killed a naga warrior
  2744 | D        | Killed a naga warrior
  2744 | D        | Killed a yaktaur captain
  2745 | D        | Reached skill level 24 in Invocations
  2746 | D        | Noticed a lorocyproca
  2747 | D        | Killed from afar by a deep elf knight

Illustrated notes

Levels and vault maps discovered:
D:        pitsprint [storerooms_1, entrance_room_1, metal_vault_1, armoury_2,
          mini_pit_1, grid_room_1, main_hall_1, silver_pit, the_coven_1,
          the_vestibule_1, steel_vault_5, golden_pit, hallway_of_sentries,
          crystal_vault_6, iron_vault_4, final_vault]

Skill      XL: |  1  2  3  4  5  6  7  8  9 10 11 12 |
---------------+-------------------------------------+-----
Axes           | 3 4 5 7 8 9 10 12 | 12.9
Fighting       | 4 5 6 7 9 10 11 13 14 | 14.1
Armour         | 3 4 5 6 7 8 9 10 12 13 | 13.0
Shields        | 3 4 5 6 7 8 9 10 12 13 | 13.0
Invocations    | 5 8 9 11 13 15 17 20 23 24 | 24.0

Action                     |  1- 3 |  4- 6 |  7- 9 | 10-12 || total
---------------------------+-------+-------+-------+-------++-------
  Melee: War axe           |    19 |    35 |    71 |       ||   125
         Broad axe         |       |       |       |    75 ||    75
 Invoke: Disaster Area     |       |       |     3 |    12 ||    15
         Upheaval          |       |       |       |     2 ||     2
    Use: Potion            |     4 |     3 |     1 |     3 ||    11
         Scroll            |       |       |       |     1 ||     1
   Stab: Invisible         |       |     2 |       |       ||     2
 Armour: Scale mail        |    13 |     8 |       |       ||    21
         Ring mail         |       |     6 |    40 |       ||    46
         Plate armour      |       |       |       |    42 ||    42
  Dodge: Dodged            |    10 |    14 |    43 |    23 ||    90
         Repelled          |       |       |     1 |       ||     1
  Block: Buckler           |     3 |    24 |    56 |    72 ||   155

Table legend: (Time is in decaauts)
 A = Elapsed time spent in this place.
 B = Non-inter-level travel time spent in this place.
 C = Inter-level travel time spent in this place.
 D = Time resting spent in this place.
 E = Time spent auto-exploring this place.
 F = Levels seen in this place.
 G = Mean time per level.
                   A        B        C        D        E       F      G
               +--------+--------+--------+--------+--------+-----+--------+
         Total |   2784 |   2705 |     79 |   1861 |      0 |   1 | 2784.0 |
       Dungeon |   2784 |   2705 |     79 |   1861 |      0 |   1 | 2784.0 |
               +--------+--------+--------+--------+--------+-----+--------+

Top non-repeatable levels by time:
       D: 2784 daAuts
